 Dungeon Crawl Stone Soup version 0.32-a0-18-g89e19f1974 (webtiles) character file.

Game seed: 8228570327676624779

585 rsvaco the Cudgeller (level 7, -9/41 HPs)
             Began as a Gargoyle Gladiator on Jan 15, 2024.
             Was an Elder of Jiyva.
             Mangled by a black bear (11 damage)
             ... on level 4 of the Dungeon on Jan 16, 2024.
             The game lasted 00:18:07 (2980 turns).

rsvaco the Cudgeller (Gargoyle Gladiator)           Turns: 2980, Time: 00:18:08

Health: -9/41      AC: 10    Str: 24    XL:     7   Next: 37%
Magic:  7/7        EV: 12    Int:  7    God:    Jiyva [****..]
Gold:   81         SH: 12    Dex: 10    Spells: 6/6 levels left

rFire   . . .        j - +0 morningstar
rCold   . . .        f - +0 buckler
rNeg    + . .        b - +1 leather armour
rPois   ∞            c - +0 helmet
rElec   +            (no cloak)
rCorr   +            (no gloves)
SInv    .            (no boots)
Will    .....        (no amulet)
Stlth   +            (no ring)
HPRegen 1.54/turn    (no ring)
MPRegen 0.74/turn

%: no passive effects
@: no status effects
A: sickness immunity, AC +4, negative energy resistance 1, electricity
resistance, torment resistance 1, petrification resistance, large bone plates 3,
strong 1
a: Renounce Religion, Oozemancy, Slimify


You were on level 4 of the Dungeon.
You worshipped Jiyva.
Jiyva was greatly pleased with you.
You visited 1 branch of the dungeon, and saw 5 of its levels.

You collected 81 gold pieces.

Inventory:

Hand Weapons
 a - a +0 flail
 j - a +0 morningstar (weapon)
Missiles
 n - 4 large rocks
Armour
 b - a +1 leather armour (worn)
 c - a +0 helmet (worn)
 f - a +0 buckler (worn)
Magical Staves
 e - the staff "Riatah" {Fly rPois rC+ Dex+3 Ice}
   (You found it on level 2 of the Dungeon)

   [staff of cold]

   Base accuracy: +5 Base damage: 5 Base attack delay: 1.2 This weapon's minimum
   attack delay (0.6) is reached at skill level 12.
   Dex+3:     It affects your dexterity (+3).
   rC+:       It protects you from cold.
   rPois:     It protects you from poison Fly: It grants you flight.
   Ice:       It increases the power of your Ice spells.
   It falls into the 'Staves' category.
   It is a one-handed weapon.
Scrolls
 h - a scroll of identify
 k - a scroll of butterflies
 m - a scroll of amnesia
Potions
 g - a potion of degeneration


   Skills:
 + Level 3.5 Fighting
 + Level 5.6 Maces & Flails
 + Level 1.9 Throwing
 + Level 2.8 Armour
 + Level 3.7 Dodging
 + Level 0.2 Stealth
 + Level 2.8 Shields


You had 6 spell levels left.
You didn't know any spells.
Your spell library contained the following spells:

 Spells                   Type           Power      Damage    Failure   Level
 Leda's Liquefaction      Alch/Erth      0%         N/A       99%         4
 Lee's Rapid Deconstruct  Erth           0%         3d4*      100%        5
 Bombard                  Conj/Erth      0%         9d1       100%        6


Dungeon Overview and Level Annotations

Branches:
Dungeon (5/15)
 Temple: D:4-7

Altars:
Hepliaklqana
Okawaru
Jiyva


Innate Abilities, Weirdness & Mutations

You are immune to sickness and miasma.
Your stone body is resilient. (AC +4)
You are immune to poison.
You resist negative energy. (rN+)
You are resistant to electric shocks. (rElec)
You are resistant to unholy torment.
You are immune to petrification.
You are completely covered in large bone plates. (SH +8)
Your muscles are strong. (Str +4, Int/Dex -1)


Message History

The adder bites you but does no damage.
The black bear bites you but does no damage.
The black bear barely misses you. x2; The centaur barely misses you.
You block the centaur's attack. The adder bites you.
* * * LOW HITPOINT WARNING * * *
The water moccasin misses you. The adder closely misses you.
You puncture the black bear!
The black bear is severely wounded.
You block the centaur's attack. The centaur misses you.
The adder closely misses you.
The black bear goes berserk!
You block the water moccasin's attack. The adder closely misses you.
The centaur hits you.
* * * LOW HITPOINT WARNING * * *
The centaur barely misses you. The adder closely misses you.
The water moccasin barely misses you. The black bear bites you.
* * * LOW HITPOINT WARNING * * *
The black bear claws you but does no damage.
The black bear misses you.
You barely miss the black bear.
The black bear is severely wounded.
The adder closely misses you. You block the centaur's attack.
The centaur kicks you but does no damage.
You block the black bear's attack. The black bear closely misses you.
The black bear barely misses you. The water moccasin bites you.
* * * LOW HITPOINT WARNING * * *
The adder misses you. The adder bites you.
* * * LOW HITPOINT WARNING * * *
The centaur barely misses you.
The centaur kicks you but does no damage.
The black bear bites you but does no damage.
The black bear claws you but does no damage.
The black bear barely misses you.
You closely miss the black bear.
The black bear is severely wounded.
You block the water moccasin's attack. You block the adder's attack.
The centaur hits you.
* * * LOW HITPOINT WARNING * * *
The centaur kicks you but does no damage.
The adder bites you but does no damage. The black bear bites you!
You die...

..........# #.........#.........
..........# #....J....#..<......
..........# #.........#.........
........^.# #...................
...#......# #.........#.........
...###.##.## #.........#..<......
....##.##..###....#..............
.......###..#..c#....#.#.........
....#..........S@S>....#.........
.J..#.#####.....hS...J.#.........
.......................##########
..........#...................###
..........##.........#...........
#.##......###.......##...........
..##.......###......##...........
.###.............................
.# #..........#.###..#...........


You could see a water moccasin, a black bear (berserk), a centaur, 2 adders and
2 neutral jellies (fellow slime).

Vanquished Creatures
  Grinder (D:3)
  2 black bears (D:4)
  Natasha (D:2)
  An orc wizard (D:4)
  7 gnolls (D:4)
  2 adders
  2 dart slugs
  A ribbon worm (D:2)
  8 orcs
  5 ball pythons
  12 bats
  An endoplasm (D:1)
  A giant cockroach (D:2)
  6 hobgoblins
  2 quokkas
  2 frilled lizards
  9 goblins
  5 kobolds
  4 rats
72 creatures vanquished.

Vanquished Creatures (others)
  Natasha (twice) (D:2)
  3 adders
  4 orcs
  2 goblins
  A hobgoblin (D:2)
  A kobold (D:4)
  4 ball pythons
  A rat (D:2)
18 creatures vanquished.

Grand Total: 90 creatures vanquished

Notes
Turn   | Place    | Note
-------+----------+-------------------------------------------
     0 | D:1      | rsvaco the Gargoyle Gladiator began the quest for the Orb.
     0 | D:1      | Reached XP level 1. HP: 12/12 MP: 1/1
   216 | D:1      | Reached XP level 2. HP: 13/18 MP: 2/2
   476 | D:1      | Found a faded altar of an unknown god.
   507 | D:1      | Prayed at the altar of an unknown god.
   507 | D:1      | Became a worshipper of Jiyva Jarusmal the Shapeless
   507 | D:1      | Reached * piety under Jiyva
   941 | D:2      | Reached skill level 1 in Armour
   953 | D:2      | Reached ** piety under Jiyva
   968 | D:2      | Reached XP level 3. HP: 22/22 MP: 3/3
  1064 | D:2      | Identified the staff "Riatah" {Fly rPois rC+ Dex+3 Ice}
  1177 | D:2      | Noticed Natasha
  1190 | D:2      | Killed Natasha
  1191 | D:2      | Reached XP level 4. HP: 13/27 MP: 4/4
  1226 | D:2      | Killed Natasha
  1247 | D:2      | Killed Natasha
  1291 | D:2      | You fall into a shaft and drop 1 floor!
  1338 | D:3      | Noticed Grinder
  1350 | D:3      | Paralysed by Grinder for 2 turns
  1356 | D:3      | Killed Grinder
  1357 | D:3      | Reached skill level 4 in Maces & Flails
  1357 | D:3      | Reached skill level 1 in Shields
  1357 | D:3      | Reached XP level 5. HP: 18/32 MP: 5/5
  1357 | D:3      | Reached XP level 6. HP: 21/37 MP: 6/6
  2044 | D:3      | Reached *** piety under Jiyva
  2054 | D:3      | Gained mutation: You are partially covered in large bone
                  | plates. (SH +4) [Jiyva's grace]
  2054 | D:3      | Gained mutation: You are mostly covered in large bone
                  | plates. (SH +6) [Jiyva's grace]
  2054 | D:3      | Gained mutation: You are completely covered in large bone
                  | plates. (SH +8) [Jiyva's grace]
  2054 | D:3      | Gained mutation: Your muscles are strong. (Str +4, Int/Dex
                  | -1) [Jiyva's grace]
  2409 | D:4      | Reached skill level 5 in Maces & Flails
  2416 | D:4      | Upgraded the game from 0.32-a0-17-gb74e046682 to
                  | 0.32-a0-18-g89e19f1974
  2444 | D:4      | Found a hazy altar of Hepliaklqana.
  2483 | D:4      | Found an iron altar of Okawaru.
  2717 | D:4      | Reached **** piety under Jiyva
  2848 | D:5      | Entered Level 5 of the Dungeon
  2852 | D:5      | Noticed a black bear
  2856 | D:5      | Noticed a black bear
  2920 | D:4      | Killed a black bear
  2921 | D:4      | Reached XP level 7. HP: 41/41 MP: 7/7
  2979 | D:4      | HP: 1/41 [adder (2)]
  2980 | D:4      | Mangled by a black bear

Illustrated notes

Levels and vault maps discovered:
D:1:      minmay_arrival_widening_spiral_wide, layout_basic,
          dreamdust_ecumenical_altar_statues
D:2:      layout_rooms, serial_aquarium, aquarium_bridge_island_small
          [aquarium_subvault_small_open, aquarium_subvault_wall,
          aquarium_subvault_bridge, aquarium_subvault_bridge,
          aquarium_subvault_wall], aquarium_bridge_long_separate
          [aquarium_subvault_wall, aquarium_subvault_bridge,
          aquarium_subvault_window, aquarium_subvault_window,
          aquarium_subvault_balcony, aquarium_subvault_bridge],
          aquarium_window_2, aquarium_window_corner, aquarium_view_2a,
          wad_orctagon, uniq_natasha
D:3:      kb_forest_paths, layout_basic, roderic_batcave, uniq_grinder
D:4:      layout_rooms, mainiacjoe_overflow_two_lobes
D:5:      layout_cave_pools, kennysheep_mini_moat, lemuel_round_altar,
          fedhas_altar_fruit_tree, minmay_temple_entry_enclosed_plants

Skill      XL: |  1  2  3  4  5  6 |
---------------+-------------------+-----
Armour         | 1 2 |  2.8
Fighting       | 3 |  3.5
Maces & Flails | 4 5 |  5.6
Dodging        | 3 |  3.7
Shields        | 1 2 |  2.8
Throwing       | |  1.9
Stealth        | |  0.2

Action                     |  1- 3 |  4- 6 |  7- 9 || total
---------------------------+-------+-------+-------++-------
  Melee: Flail             |    73 |       |       ||    73
         Punch             |     1 |       |       ||     1
         Morningstar       |    27 |   147 |    31 ||   205
  Throw: Javelin           |     3 |       |       ||     3
         Throwing net      |     1 |     4 |       ||     5
    Use: Scroll            |     4 |     4 |       ||     8
         Potion            |     1 |     1 |       ||     2
   Stab: Held in net/web   |     1 |       |       ||     1
 Armour: Leather armour    |    97 |   139 |   129 ||   365
  Dodge: Dodged            |    90 |   120 |   118 ||   328
  Block: Buckler           |    23 |   113 |    63 ||   199

Table legend: (Time is in decaauts)
 A = Elapsed time spent in this place.
 B = Non-inter-level travel time spent in this place.
 C = Inter-level travel time spent in this place.
 D = Time resting spent in this place.
 E = Time spent auto-exploring this place.
 F = Levels seen in this place.
 G = Mean time per level.
                   A        B        C        D        E       F      G
               +--------+--------+--------+--------+--------+-----+--------+
         Total |   3070 |   2940 |    130 |      0 |   1919 |   5 |  614.0 |
       Dungeon |   3070 |   2940 |    130 |      0 |   1919 |   5 |  614.0 |
               +--------+--------+--------+--------+--------+-----+--------+

Top non-repeatable levels by time:
     D:3: 1082 daAuts
     D:1: 944 daAuts
     D:4: 617 daAuts
     D:2: 386 daAuts
     D:5: 38 daAuts
